 Dungeon Crawl Stone Soup version 0.20.1-1-g8b1a95d (webtiles) character file.

16834 fonas the Fighter (level 12, -25/84 HPs)
             Began as a Gargoyle Fighter on Sept 6, 2017.
             Was a Priest of Makhleb.
             Annihilated by a white ugly thing (34 damage)
             ... on level 12 of the Dungeon.
             The game lasted 00:33:58 (8850 turns).

fonas the Fighter (Gargoyle Fighter)                Turns: 8850, Time: 00:34:00

Health: -25/84     AC: 23    Str: 29    XL:     12   Next: 41%
Magic:  21/21      EV:  9    Int: 13    God:    Makhleb [***...]
Gold:   432        SH: 16    Dex:  9    Spells: 11/11 levels left

rFire    . . .     SeeInvis .   O - +5 war axe of Internal Strife {holy, *Noise rN+ MR+ Str+4}
rCold    . . .     Gourm    .   l - +0 shield "Aklieleps" {MR+ Int+4} (curse)
rNeg     + + .     Faith    .   b - +0 scale mail
rPois    ∞         Spirit   .   z - +1 hat
rElec    +         Reflect  .   K - +0 cloak
rCorr    .         Harm     .   (no gloves)
MR       ++...                  v - +2 pair of boots
Stlth    ..........             (no amulet)
Regen    0.3/turn               j - ring of magical power
MPRegen  0.2/turn               y - ring of flight

@: barbed spikes
A: big wings, horns 1, large bone plates 1, negative energy resistance 1,
electricity resistance, unbreathing, petrification resistance, rot immunity, AC
+8
a: Fly, Minor Destruction, Lesser Servant of Makhleb, Renounce Religion, Evoke
Flight


You were on level 12 of the Dungeon.
You worshipped Makhleb.
Makhleb was most pleased with you.
You were hungry.

You visited 2 branches of the dungeon, and saw 13 of its levels.
You also visited: Ice Cave.

You collected 844 gold pieces.
You spent 412 gold pieces at shops.

Inventory:

Hand Weapons
 a - a +3 war axe of draining
 O - the +5 war axe of Internal Strife (weapon) {holy, *Noise rN+ MR+ Str+4}
   (You bought it in a shop on level 11 of the Dungeon)

   It has been blessed by the Shining One to cause great damage to the undead
   and demons.
   It affects your strength (+4).
   It protects you from negative energy.
   It affects your resistance to hostile enchantments.
   It may make noises in combat.
Armour
 b - a +0 scale mail (worn)
 l - the cursed +0 shield "Aklieleps" (worn) {MR+ Int+4}
   (You found it on level 4 of the Dungeon)

   It affects your intelligence (+4).
   It affects your resistance to hostile enchantments.
   It has a curse placed upon it.
 v - a +2 pair of boots (worn)
 z - a +1 hat (worn)
 K - a +0 cloak (worn)
Jewellery
 j - a ring of magical power (left hand)
 y - a ring of flight (right hand)
 I - an uncursed ring of see invisible {unknown}
Wands
 h - a wand of disintegration (2/24)
 q - a wand of disintegration (10/24)
 B - a wand of acid (5/15)
 C - a wand of disintegration (15/24)
 E - a wand of digging (16/24)
 G - a wand of paralysis (13/24)
 H - a wand of lightning (3/15)
Scrolls
 e - 10 scrolls of remove curse
 n - 2 scrolls of teleportation
 p - 4 scrolls of magic mapping
 t - 5 scrolls of recharging
 D - a scroll of vulnerability {unknown}
 F - a scroll of fear
 J - a scroll of fog
 L - a scroll of identify
 M - 2 scrolls of amnesia
Potions
 c - 3 potions of agility
 d - 3 potions of might
 o - 2 potions of flight
 r - 4 potions of magic
 s - 3 potions of haste
 u - 7 potions of curing
 w - 2 potions of brilliance
 A - a potion of ambrosia {unknown}
Comestibles
 f - 8 bread rations
 g - 9 meat rations
 i - 18 fruits
 x - 14 royal jellies


   Skills:
 * Level 13.7 Fighting
 + Level 8.7 Axes
 + Level 10.2 Armour
 + Level 10.2 Shields


You had 11 spell levels left.
You didn't know any spells.

Dungeon Overview and Level Annotations

Branches:
Dungeon (12/15)            Temple (1/1) D:7            Lair (0/6) D:9
    Orc (0/2) D:11

Altars:
Ashenzari
Cheibriados
Dithmenos
Elyvilon
Fedhas
Gozag
Hepliaklqana
Kikubaaqudgha
Makhleb
Nemelex Xobeh
Okawaru
Qazlal
Ru
Sif Muna
Trog
Uskayaw
Vehumet
Xom
Yredelemnul
Zin
The Shining One

Shops:
D:5 *   D:11 (


Innate Abilities, Weirdness & Mutations

You are resistant to torment.
Your stone body is resilient. (AC +8)
You are immune to poison.
You resist negative energy. (rN+)
You are resistant to electric shocks. (rElec)
You can survive without breathing.
You are immune to petrification.
You are immune to rotting.
Your large and strong wings let you fly indefinitely.
You have a pair of small horns on your head.
You are partially covered in large bone plates. (SH +4)


Message History

You are engulfed in a cloud of scalding steam.
* * * LOW HITPOINT WARNING * * *
The white ugly thing tail-slaps you but does no damage.
The basilisk is engulfed in a cloud of scalding steam.
The basilisk closely misses you.
A wyvern comes into view.
You slice the white ugly thing!!
The white ugly thing is moderately wounded.
You slice the basilisk!!
You are engulfed in a cloud of scalding steam.
The white ugly thing closely misses you.
The basilisk is engulfed in a cloud of scalding steam.
The basilisk dies!
You hit the white ugly thing but do no damage.
The white ugly thing is moderately wounded.
The white ugly thing is engulfed in a cloud of scalding steam.
The white ugly thing tail-slaps you!
* * * LOW HITPOINT WARNING * * *
The white ugly thing freezes you!!
You die...

##.....#..#
...##.###.##....
###...# .......
###.### .......
....# ....... #
## .....(. ...#
......§ ##...
.....§§## .#
.....Du@#
.......§§l.....
.......#####...
#######


You could see a white ugly thing, a steam dragon and a wyvern.

Vanquished Creatures
  Gastronok (D:8)
  3 two-headed ogres
  2 ugly things
  A cyclops (D:9)
  Joseph (D:10)
  Maurice (D:10)
  2 polar bears (IceCv)
  3 trolls
  2 hornets
  Grinder (D:3)
  2 hippogriffs
  A shadow (D:11)
  A vampire (D:12)
  2 wyverns
  13 yaks
  2 vampire mosquitoes (D:12)
  Grum (D:8)
  3 wargs (D:9)
  A soldier ant (D:8)
  A water moccasin (D:10)
  2 black bears
  4 orc warriors (D:11)
  2 sky beasts
  2 phantoms (D:9)
  3 ice beasts
  5 wolves
  9 ogres
  5 centaurs
  5 big kobolds (D:11)
  6 bullfrogs
  2 gnoll sergeants (D:11)
  A wyvern skeleton (D:8)
  2 scorpions
  8 killer bees
  6 howler monkeys
  A crimson imp (D:5)
  A bullfrog zombie (D:7)
  2 quasits
  A bullfrog skeleton (D:11)
  3 jellies
  6 orc priests
  12 orc wizards
  A gnoll shaman (D:10)
  Crazy Yiuf (D:7)
  7 hounds
  2 centaur skeletons
  4 iguanas
  9 worker ants
  A worker ant zombie (D:8)
  8 gnolls
  8 adders
  An ooze (D:6)
  An adder skeleton (D:4)
  9 worms
  3 dart slugs
  4 leopard geckos
  24 orcs
  5 giant cockroaches
  7 hobgoblins
  10 jackals
  5 quokkas
  A ball python (D:2)
  8 bats
  3 frilled lizards
  3 goblins (D:1)
  2 goblin zombies (D:7)
  4 hobgoblin zombies (D:7)
  3 kobolds
  A kobold skeleton (D:7)
  A kobold zombie (D:7)
  A leopard gecko skeleton (D:7)
  An orc skeleton (D:7)
  An orc zombie (D:7)
  7 rats
  4 fungi (D:8)
282 creatures vanquished.

Vanquished Creatures (others)
  A basilisk (D:12)
1 creature vanquished.

Grand Total: 283 creatures vanquished

Notes
Turn   | Place    | Note
-------+----------+-------------------------------------------
     0 | D:1      | fonas the Gargoyle Fighter began the quest for the Orb.
     0 | D:1      | Reached XP level 1. HP: 14/14 MP: 1/1
   228 | D:1      | Reached XP level 2. HP: 19/19 MP: 2/2
   677 | D:2      | Reached XP level 3. HP: 23/24 MP: 3/3
   846 | D:2      | Reached skill level 4 in Fighting
   976 | D:2      | Reached XP level 4. HP: 17/29 MP: 4/4
  1613 | D:3      | Found a basalt altar of Yredelemnul.
  1616 | D:3      | Found a shattered altar of Ashenzari.
  1635 | D:3      | Found an opulent altar of Gozag.
  1638 | D:3      | Found a blossoming altar of Fedhas.
  1698 | D:3      | Reached XP level 5. HP: 33/34 MP: 5/5
  1798 | D:3      | Noticed Grinder
  1808 | D:3      | Paralysed by Grinder for 5 turns
  1816 | D:3      | Killed Grinder
  1816 | D:3      | Reached skill level 5 in Fighting
  1816 | D:3      | Reached XP level 6. HP: 15/40 MP: 6/6
  2317 | D:3      | Gained mutation: Your spells are a little easier to cast, but a little less powerful. [potion of mutation]
  2317 | D:3      | Gained mutation: You occasionally shout uncontrollably at your foes. [potion of mutation]
  2317 | D:3      | Gained mutation: You have a pair of small horns on your head. [potion of mutation]
  2337 | D:4      | Got a translucent shield
  2348 | D:4      | Identified the cursed +0 shield "Aklieleps" {MR+ Int+4} (You found it on level 4 of the Dungeon)
  2732 | D:4      | Reached skill level 6 in Fighting
  2732 | D:4      | Reached XP level 7. HP: 46/46 MP: 7/7
  2880 | D:4      | Reached skill level 5 in Shields
  2960 | D:5      | Entered Level 5 of the Dungeon
  3088 | D:5      | Reached skill level 5 in Armour
  3091 | D:5      | Found Arpho Zam's General Store.
  3102 | D:5      | Bought a +1 hat for 132 gold pieces
  4021 | D:6      | Reached XP level 8. HP: 41/52 MP: 8/8
  4248 | D:6      | Reached skill level 7 in Fighting
  4456 | D:7      | Found a glowing golden altar of the Shining One.
  4587 | D:7      | Lost mutation: Your spells are a little easier to cast, but a little less powerful. [potion of mutation]
  4587 | D:7      | Lost mutation: You occasionally shout uncontrollably at your foes. [potion of mutation]
  4587 | D:7      | Gained mutation: Your large and strong wings let you fly indefinitely. [potion of mutation]
  4587 | D:7      | Gained mutation: You evolve. [potion of mutation]
  4651 | D:7      | Found a staircase to the Ecumenical Temple.
  4668 | Temple   | Entered the Ecumenical Temple
  4754 | Temple   | Became a worshipper of Makhleb the Destroyer
  4795 | D:7      | Gained mutation: You are partially covered in large bone plates. (SH +4) [evolution]
  4795 | D:7      | Lost mutation: You evolve. [end of evolution]
  5029 | D:7      | Found a runed door.
  5033 | D:7      | Noticed Crazy Yiuf
  5036 | D:7      | Killed Crazy Yiuf
  5096 | D:8      | Found a bloodstained altar of Trog.
  5131 | D:8      | Noticed a hippogriff
  5156 | D:8      | Killed a hippogriff
  5156 | D:8      | Reached skill level 8 in Fighting
  5167 | D:8      | Reached skill level 5 in Axes
  5167 | D:8      | Reached XP level 9. HP: 38/60 MP: 9/9
  5214 | D:8      | Noticed Gastronok
  5235 | D:8      | Killed Gastronok
  5235 | D:8      | Reached skill level 9 in Fighting
  5385 | D:8      | Reached skill level 10 in Fighting
  5385 | D:8      | Reached XP level 10. HP: 52/68 MP: 10/10
  5509 | D:8      | Found an opulent altar of Gozag.
  5688 | D:8      | Reached * piety under Makhleb
  5695 | D:8      | Noticed Grum
  5719 | D:8      | Killed Grum
  5973 | D:9      | Noticed a two-headed ogre
  5989 | D:9      | Killed a two-headed ogre
  5992 | D:9      | Reached skill level 11 in Fighting
  6181 | D:9      | Noticed a cyclops
  6206 | D:9      | Killed a cyclops
  6227 | D:9      | Reached XP level 11. HP: 55/75 MP: 11/11
  6233 | D:9      | Found a staircase to the Lair.
  6537 | D:9      | Reached ** piety under Makhleb
  6627 | D:10     | Entered Level 10 of the Dungeon
  6670 | D:10     | Noticed Joseph
  6690 | D:10     | Paralysed by Joseph for 3 turns
  6693 | D:10     | Killed Joseph
  6693 | D:10     | Reached skill level 12 in Fighting
  6732 | D:10     | Noticed Maurice
  7102 | D:10     | Killed Maurice
  7461 | D:11     | Noticed a two-headed ogre
  7470 | D:11     | Killed a two-headed ogre
  7538 | D:11     | Noticed a two-headed ogre
  7546 | D:11     | Killed a two-headed ogre
  7570 | D:11     | Found Cititopt's Antique Weapon Emporium.
  7573 | D:11     | Bought a bloodstained war axe for 280 gold pieces
  7573 | D:11     | Identified the +5 war axe of Internal Strife {holy, *Noise rN+ MR+ Str+4} (You bought it in a shop on level 11 of the Dungeon)
  7588 | D:11     | Found a frozen archway.
  7597 | IceCv    | Entered an ice cave
  7632 | IceCv    | Reached *** piety under Makhleb
  8224 | D:11     | Reached skill level 13 in Fighting
  8249 | D:11     | Noticed a cyan ugly thing
  8264 | D:11     | Killed a cyan ugly thing
  8417 | D:11     | Found a shattered altar of Ashenzari.
  8463 | D:11     | Reached XP level 12. HP: 61/84 MP: 12/12
  8614 | D:11     | Found a staircase to the Orcish Mines.
  8630 | D:11     | Reached skill level 10 in Armour
  8647 | D:11     | Reached skill level 10 in Shields
  8837 | D:12     | HP: 3/84 [enormous slime creature (26)]
  8850 | D:12     | Annihilated by a white ugly thing

Skill      XL: |  1  2  3  4  5  6  7  8  9 10 11 12 |
---------------+-------------------------------------+-----
Axes           | 2 3 4 5 6 7 8 |  8.7
Fighting       | 4 5 6 8 10 11 13 | 13.7
Armour         | 4 5 6 7 8 9 10 | 10.2
Shields        | 4 5 6 7 8 9 10 | 10.2

Action                   |  1- 3 |  4- 6 |  7- 9 | 10-12 || total
-------------------------+-------+-------+-------+-------++-------
Melee: War axe           |   148 |   117 |   237 |   610 ||  1112
       Headbutt          |       |     5 |    46 |   122 ||   173
  Use: Potion            |       |     2 |     3 |     1 ||     6
       Scroll            |       |    12 |    10 |     4 ||    26
  Eat: Chunk             |       |     6 |     4 |    13 ||    23
       Bread ration      |       |       |     1 |       ||     1
Armor: Scale mail        |   105 |    65 |   153 |   325 ||   648
Dodge: Dodged            |    65 |    28 |    93 |   180 ||   366
Block: Shield            |   103 |    54 |   186 |   520 ||   863
